 Dungeon Crawl Stone Soup version 0.23-a0-839-g6d2b917 (webtiles) character file.

170 galech the Skirmisher (level 5, -9/41 HPs)
             Began as a Demonspawn Fighter on Jan 25, 2019.
             Mangled by an iguana (10 damage)
             ... on level 3 of the Dungeon.
             The game lasted 00:02:46 (2008 turns).

galech the Skirmisher (Demonspawn Fighter)          Turns: 2008, Time: 00:02:46

Health: -9/41      AC:  6    Str: 16    XL:     5   Next: 26%
Magic:  0/5        EV:  7    Int:  9    God:
Gold:   140        SH:  9    Dex: 14    Spells: 4/4 levels left

rFire    . . .     SeeInvis .   a - +0 war axe
rCold    . . .     Gourm    .   c - +0 shield
rNeg     . . .     Faith    .   b - +0 scale mail
rPois    .         Spirit   +   (no helmet)
rElec    .         Reflect  .   (no cloak)
rCorr    .         Harm     .   (no gloves)
MR       .....                  (no boots)
Stlth    ..........             (no amulet)
HPRegen  0.13/turn              (no ring)
MPRegen  0.09/turn              (no ring)

@: no status effects
A: claws 2, magic shield
a: no special abilities


You were on level 3 of the Dungeon.
You were not hungry.

You visited 1 branch of the dungeon, and saw 3 of its levels.

You collected 140 gold pieces.

Inventory:

Hand Weapons
 a - a +0 war axe (weapon)
Armour
 b - a +0 scale mail (worn)
 c - a +0 shield (worn)
Jewellery
 k - a +2 ring of evasion
Scrolls
 e - 2 scrolls of fear {unknown}
 g - a scroll of noise {unknown}
 i - a scroll of blinking {unknown}
 j - 3 scrolls of identify {unknown}
 l - 3 scrolls of remove curse {unknown}
 m - a scroll of random uselessness {unknown}
 p - a scroll of immolation {unknown}
 s - a scroll of amnesia {unknown}
Potions
 d - a potion of might
 h - 3 potions of curing {unknown}
 n - a potion of brilliance {unknown}
 q - a potion of heal wounds {unknown}
 r - a potion of degeneration {unknown}
Comestibles
 f - 6 rations
 o - 2 chunks of flesh


   Skills:
 + Level 3.5 Fighting
 + Level 3.5 Axes
 + Level 3.2 Armour
 + Level 1.0 Dodging
 + Level 3.3 Shields


You had 4 spell levels left.
You didn't know any spells.
Your spell library was empty.

Dungeon Overview and Level Annotations

Branches:
Dungeon (3/15)

Altars:


Innate Abilities, Weirdness & Mutations

You have very sharp fingernails.
When hurt, damage is shared between your health and your magic reserves.


Message History

The iguana is moderately wounded.
The iguana bites you.
* * * LOW HITPOINT WARNING * * *
You block the iguana's attack.
You hit the iguana.
The iguana is moderately wounded.
You block the iguana's attack.
You hit the iguana but do no damage.
The iguana is moderately wounded.
The iguana bites you.
* * * LOW HITPOINT WARNING * * *
You block the iguana's attack.
You barely miss the iguana.
The iguana is moderately wounded.
The iguana bites you.
* * * LOW HITPOINT WARNING * * *
You closely miss the iguana.
The iguana is moderately wounded.
The iguana bites you!
You die...

.#.#.#....
..........# #
#.#.#.#...#.#
..........#.
.......$.. #
#.......#.###.
#....l).......
.#####..#@.#
...........####
#####..##.#..
#..##.#.#
#..##.#.###.#
#............
##.##.#.###.
#.##.#.#####.#
#.......>....#


You could see an iguana.

Vanquished Creatures
  Terence (D:1)
  3 gnolls (D:2)
  5 adders
  2 worms (D:2)
  A dart slug (D:1)
  2 leopard geckos
  A giant cockroach (D:2)
  5 goblins
  9 hobgoblins
  9 jackals
  11 bats
  4 frilled lizards
  7 kobolds
  7 rats
67 creatures vanquished.

Notes
Turn   | Place    | Note
-------+----------+-------------------------------------------
     0 | D:1      | galech the Demonspawn Fighter began the quest for the Orb.
     0 | D:1      | Reached XP level 1. HP: 18/18 MP: 1/1
   167 | D:1      | Gained mutation: You have sharp fingernails. [demonic
                  | ancestry]
   167 | D:1      | Reached XP level 2. HP: 20/24 MP: 2/2
   611 | D:2      | Noticed Terence
   619 | D:1      | Gained mutation: When hurt, damage is shared between your
                  | health and your magic reserves. [demonic ancestry]
   619 | D:1      | Reached XP level 3. HP: 19/29 MP: 3/3
   728 | D:1      | Killed Terence
  1000 | D:2      | Reached XP level 4. HP: 31/35 MP: 4/4
  1076 | D:2      | Reached skill level 1 in Dodging
  1867 | D:3      | Gained mutation: You have very sharp fingernails. [demonic
                  | ancestry]
  1867 | D:3      | Reached XP level 5. HP: 35/41 MP: 3/5
  2007 | D:3      | HP: 1/41 [iguana (3)]
  2008 | D:3      | Mangled by an iguana

Vault maps used:
D:1:      minmay_arrival_wavy_path, ebering_dispersal_statue_hall
D:2:      wad_crossroads, uniq_terence
D:3:      first_ration, serial_glass, glass_columns_a, glass_columns_b,
          glass_columns_a, glass_columns_a, glass_columns_a, glass_columns_c,
          glass_columns_c, glass_columns_a

Skill      XL: |  1  2  3  4 |
---------------+-------------+-----
Axes           | 2 3 |  3.5
Armour         | 3 |  3.2
Shields        | 3 |  3.3
Dodging        | 1 |  1.0
Fighting       | |  3.5

Action                   |  1- 3 |  4- 6 || total
-------------------------+-------+-------++-------
Melee: War axe           |   114 |   114 ||   228
  Eat: Chunk             |       |     4 ||     4
Armor: Scale mail        |    74 |    45 ||   119
Dodge: Dodged            |    37 |    28 ||    65
Block: Shield            |    66 |    68 ||   134

Table legend:
 A = Non-vault XP
 B = Vault XP
 C = Vault XP percentage of total XP
 D = Non-vault monster count
 E = Vault monster count
 F = Vault count percentage of total count
                 A         B        C        D         E       F
            +---------+---------+-------+---------+---------+-------
      Total |     188 |      56 |  23.0 |      62 |       5 |   7.5
            +---------+---------+-------+---------+---------+-------
        D:1 |      45 |      36 |  44.4 |      27 |       1 |   3.6
        D:2 |      93 |      20 |  17.7 |      26 |       4 |  13.3
        D:3 |      50 |       0 |   0.0 |       9 |       0 |   0.0
            +---------+---------+-------+---------+---------+-------
